 Dungeon Crawl Stone Soup version 0.24.1-14-gf8d2b509d9 (webtiles) character file.

Game seed: 3180803542763640790, levelgen mode: deterministic

1782 KlarStein the Slasher (level 8, -11/67 HPs)
             Began as a Demigod Skald on July 7, 2020.
             Killed from afar by a steam dragon (14 damage)
             ... with a ball of steam
             ... on level 7 of the Dungeon on July 8, 2020.
             The game lasted 01:11:35 (6018 turns).

KlarStein the Slasher (Demigod Skald)               Turns: 6018, Time: 01:11:36

Health: -11/67     AC:  5    Str: 21    XL:     8   Next: 52%
Magic:  7/18       EV: 14    Int: 17    God:
Gold:   357        SH:  0    Dex: 17    Spells: 4/15 levels left

rFire    . . .     SeeInvis .   a - +1 falchion
rCold    . . .     Gourm    .   (no shield)
rNeg     . . .     Faith    .   b - +0 leather armour
rPois    .         Spirit   .   l - +1 helmet
rElec    .         Reflect  .   (no cloak)
rCorr    .         Harm     .   (no gloves)
MR       .....                  (no boots)
Stlth    +.........             (no amulet)
HPRegen  1.21/turn              e - +5 ring of strength
MPRegen  0.16/turn              (no ring)

@: shrouded, berserk cooldown, regenerating, slowed, very slow
A: high mp 1
a: no special abilities


You were on level 7 of the Dungeon.
You were not hungry.

You visited 1 branch of the dungeon, and saw 8 of its levels.

You collected 357 gold pieces.

Inventory:

Hand Weapons
 a - a +1 falchion (weapon)
 f - a +2 short sword of draining
Missiles
 h - 32 bolts
Armour
 b - a +0 leather armour (worn)
 l - a +1 helmet (worn)
 u - the +3 scale mail of the Shining Light {+Fly rF+++ Regen+ Slay-3}
   (You found it on level 7 of the Dungeon)

   It affects your accuracy and damage with ranged weapons and melee attacks
   (-3).
   It renders you almost immune to fire.
   It lets you fly.
   It increases your rate of regeneration.
Jewellery
 e - a +5 ring of strength (left hand)
Wands
 c - a wand of polymorph (2)
Scrolls
 i - 2 scrolls of identify
 o - a scroll of enchant weapon
 t - a scroll of remove curse
Potions
 k - a potion of cancellation
 m - 2 potions of agility
 q - a potion of flight
Comestibles
 d - 10 rations


   Skills:
 + Level 4.4 Fighting
 * Level 5.6 Long Blades
 - Level 0.8 Armour
 * Level 4.7 Dodging
 + Level 4.3 Spellcasting
 + Level 5.4 Charms


You had 4 spell levels left.
You knew the following spells:

 Your Spells              Type           Power        Failure   Level  Hunger
a - Infusion              Chrm           ###.         1%          1    None
b - Song of Slaying       Chrm           ###.....     2%          2    ##.....
c - Shroud of Golubria    Chrm/Tloc      ##....       9%          2    ##.....
d - Spectral Weapon       Hex/Chrm       ##......     17%         3    ###....
e - Regeneration          Chrm/Necr      ##........   17%         3    ###....

Your spell library contained the following spells:

 Spells                   Type           Power        Failure   Level  Hunger
 Beastly Appendage        Tmut           #.....       17%         1    None
 Sticks to Snakes         Tmut           #.......     26%         2    ##.....
 Spider Form              Tmut/Pois      #.........   45%         3    ###....
 Ice Form                 Ice/Tmut       #.......     86%         4    ####...
 Blade Hands              Tmut           #.........   99%         5    ######.


Dungeon Overview and Level Annotations

Branches:
Dungeon (8/15)
 Temple: D:4-7         Lair: D:8-11

Annotations:
D:5 1 transporter, kitty14015's ghost, novice MiGl


Innate Abilities, Weirdness & Mutations

You have an increased reservoir of magic. (+10% MP)


Message History

The steam dragon barely misses your spectral weapon.
The steam dragon claws your spectral weapon.
The insubstantial wisp hits your spectral weapon but does no damage.
The steam dragon bites your spectral weapon!
Your spectral weapon shares its damage with you!
* * * LOW HITPOINT WARNING * * *
The steam dragon claws your spectral weapon but does no damage.
The insubstantial wisp hits your spectral weapon!
Your spectral weapon shares its damage with you!
Your spectral weapon fades away.
* * * LOW HITPOINT WARNING * * *
Casting: Spectral Weapon (safe; 17% risk of failure)
Confirm with . or Enter, or press ? or * to list all spells.
Space distorts slightly along a thin shroud covering your body.
Casting: Shroud of Golubria (safe; 9% risk of failure)
Confirm with . or Enter, or press ? or * to list all spells.
Your skin crawls.
The steam dragon closely misses you. x2
The steam dragon breathes steam at you. The ball of steam hits you!
You die...

...#......#.....#.......#......#.
...'......#.....#########......'.
...#......+....................#.
...#......#....................##
...#......#.....[..............#
...#......#....................#
+###......#....................#
##......#....................#
#.††....#....v@..............#
#.......#....D#########......#
##......#.....#.......#......#
..##....§.+.....#.......#......#
..........§§§...#§§.....#......#
#.#######§§§............#......#
..#......§######........#......#
..........#...8#........#......#
#......D..#..###........#......#


You could see a steam dragon and an insubstantial wisp.

Vanquished Creatures
  A hippogriff (D:8)
  2 humans (D:7)
  An insubstantial wisp (D:7)
  2 sky beasts (D:7)
  A phantom (D:4)
  An ogre (D:5)
  A bullfrog (D:7)
  5 killer bees
  2 crimson imps
  A quasit (D:5)
  A hound (D:4)
  2 orc priests (D:5)
  A jelly (D:7)
  2 orc wizards (D:3)
  A centaur skeleton (D:4)
  3 worker ants
  A hound zombie (D:5)
  7 adders
  A shadow imp (D:8)
  2 oozes (D:1)
  An adder skeleton (D:5)
  3 worms
  2 dart slugs
  7 leopard geckos
  13 orcs
  A ball python (D:2)
  3 bats
  3 giant cockroaches
  2 goblins (D:2)
  3 hobgoblins
  7 jackals
  2 quokkas
  2 frilled lizards (D:4)
  6 kobolds
  8 rats
101 creatures vanquished.

Vanquished Creatures (others)
  3 spectral weapons (D:7)
3 creatures vanquished.

Grand Total: 104 creatures vanquished

Notes
Turn   | Place    | Note
-------+----------+-------------------------------------------
     0 | D:1      | KlarStein the Demigod Skald began the quest for the Orb.
     0 | D:1      | Reached XP level 1. HP: 17/17 MP: 5/5
   414 | D:1      | Reached XP level 2. HP: 19/24 MP: 0/7
   689 | D:1      | Learned a level 2 spell: Song of Slaying
   802 | D:2      | Reached XP level 3. HP: 12/29 MP: 6/8
  1722 | D:3      | Reached XP level 4. HP: 29/36 MP: 10/10
  2215 | D:3      | Learned a level 2 spell: Shroud of Golubria
  2703 | D:4      | Reached XP level 5. HP: 30/42 MP: 5/12
  2719 | D:4      | Noticed a phantom
  2778 | D:4      | Killed a phantom
  3154 | D:4      | Reached XP level 6. HP: 50/50 MP: 9/13
  3171 | D:4      | Found an opulent altar of Gozag.
  3193 | D:4      | Found a glowing golden altar of the Shining One.
  3215 | D:4      | Found a shimmering altar of Xom.
  3344 | D:4      | Found a blossoming altar of Fedhas.
  3565 | D:4      | Found a shimmering blue altar of Sif Muna.
  3578 | D:5      | Entered Level 5 of the Dungeon
  3790 | D:5      | Learned a level 3 spell: Spectral Weapon
  3798 | D:5      | Learned a level 3 spell: Regeneration
  3959 | D:5      | Found a transporter.
  3963 | D:5      | Noticed kitty14015's ghost (novice MiGl)
  4282 | D:5      | Reached XP level 7. HP: 42/57 MP: 15/15
  4480 | D:6      | You fall into a shaft and drop 2 floors!
  4483 | D:8      | Noticed a hippogriff
  4495 | D:8      | Killed a hippogriff
  4822 | D:7      | Noticed a steam dragon
  4851 | D:7      | Reached skill level 5 in Long Blades
  4851 | D:7      | Reached skill level 5 in Charms
  5009 | D:7      | Noticed a human
  5010 | D:7      | Noticed a human
  5031 | D:7      | Killed a human
  5031 | D:7      | Reached XP level 8. HP: 66/66 MP: 12/17
  5049 | D:7      | Found an iron altar of Okawaru.
  5367 | D:7      | Got a slimy scale mail
  5381 | D:7      | Identified the +3 scale mail of the Shining Light {+Fly
                  | rF+++ Regen+ Slay-3} (You found it on level 7 of the
                  | Dungeon)
  5432 | D:7      | Found a radiant altar of Vehumet.
  6016 | D:7      | HP: 2/67 [steam dragon (3)]
  6018 | D:7      | Killed from afar by a steam dragon

Levels and vault maps discovered:
D:1:      saegor_arrival_simple_c, layout_rooms, serial_corexii_hall,
          chequers_hall_statues_wall_a, corexii_hall_statues_l
D:2:      layout_loops_cross
D:3:      layout_basic, serial_curves, eino_curves_01, eino_curves_01,
          eino_curves_03, eino_curves_04
D:4:      kennysheep_spiral_hall, layout_basic, fedhas_ov_isle_minmay,
          tso_altar, overflow_temple_1_default, kennysheep_mini,
          old_standard_altar
D:5:      layout_cave_pools, gammafunk_ghost_smash, first_ration,
          chequers_serial_rivers_micro_c
D:6:      layout_loops_cross, minitemple, dancing_weapons_uskayaw,
          minmay_temple_entry_purple_smoke, nicolae_ossuary_entry_monument
D:7:      layout_gridville, okawaru_humans, overflow_temple_1_default,
          hangedman_misty_isle
D:8:      layout_loops_ring, nemelex_xobeh_ov_fountains_minmay,
          gammafunk_ghost_arena, uniq_pikel

Skill      XL: |  1  2  3  4  5  6  7  8 |
---------------+-------------------------+-----
Long Blades    | 2 3 4 5 |  5.6
Spellcasting   | 2 3 4 |  4.3
Dodging        | 2 3 4 |  4.7
Fighting       | 2 3 4 |  4.4
Charms         | 3 4 5 |  5.4
Armour         | |  0.8

Action                   |  1- 3 |  4- 6 |  7- 9 || total
-------------------------+-------+-------+-------++-------
Melee: Falchion          |   107 |   143 |   139 ||   389
 Cast: Infusion          |     7 |     8 |     5 ||    20
       Song of Slaying   |     3 |     5 |     2 ||    10
       Spectral Weapon   |       |     2 |     6 ||     8
       Shroud of Golubri |       |       |     2 ||     2
       Regeneration      |       |       |     5 ||     5
Evoke: Wand              |       |       |     8 ||     8
  Use: Scroll            |     3 |     8 |    12 ||    23
       Potion            |     1 |     3 |     6 ||    10
 Stab: Sleeping          |     4 |       |       ||     4
  Eat: Chunk             |     3 |     8 |     1 ||    12
       Ration            |       |       |     2 ||     2
Armor: Leather armour    |    23 |    29 |    30 ||    82
Dodge: Dodged            |    63 |    99 |   169 ||   331
       Rpst.: Falchion   |    17 |    22 |    48 ||    87
